 Dungeon Crawl Stone Soup version 0.29.0-4-gdea44cf6ec (webtiles) character file.

Game seed: 12364664027487697775

36 qw the Sneak (level 3, 0/29 HPs)
             Began as a Ghoul Enchanter on Sept 8, 2022.
             Slain by an adder (3 damage)
             ... on level 2 of the Dungeon.
             The game lasted 00:00:38 (976 turns).

qw the Sneak (Ghoul Enchanter)                       Turns: 976, Time: 00:00:38

Health: 0/29       AC:  2    Str: 13    XL:     3   Next: 37%
Magic:  4/4        EV: 12    Int: 10    God:
Gold:   35         SH:  0    Dex:  9    Spells: 5/5 levels left

rFire   . . .      SeeInvis .   d - +1 dagger (vamp)
rCold   + . .      Faith    .   (no shield)
rNeg    + + +      Spirit   .   b - +0 robe
rPois   inf        Reflect  .   (no helmet)
rElec   .          Harm     .   (no cloak)
rCorr   .          Rampage  .   (no gloves)
Will    .....                   (no boots)
Stlth   ++........              (no amulet)
HPRegen 0.00/turn               (no ring)
MPRegen 0.09/turn               (no ring)

@: inhibited regen
A: claws 1, cold resistance 1, negative energy resistance 3, inhibited
regeneration, torment resistance 2, devour on kill
a: no special abilities


You were on level 2 of the Dungeon.
You visited 1 branch of the dungeon, and saw 2 of its levels.

You collected 35 gold pieces.


Innate Abilities, Weirdness & Mutations

You are immune to poison.
You have sharp fingernails.
Your flesh is cold resistant. (rC+)
You are immune to negative energy. (rN+++)
You do not regenerate when monsters are visible.
You are immune to unholy pain and torment.
You thrive by killing the living.


   Skills:
 + Level 1.8 Fighting
 - Level 0.8 Short Blades
 - Level 2.0 Axes
 - Level 1.7 Dodging
 - Level 3.2 Stealth
 - Level 1.7 Spellcasting
 - Level 2.4 Hexes


You had 5 spell levels left.
You didn't know any spells.
Your spell library contained the following spells:

 Spells                   Type           Power      Damage    Failure   Level
 Ensorcelled Hibernation  Hex/Ice        6%         N/A       30%         2
 Confusing Touch          Hex            5%         N/A       34%         3
 Tukima's Dance           Hex            5%         N/A       34%         3
 Dazzling Flash           Conj/Hex       6%         N/A       52%         3

Inventory:

Hand Weapons
 d - a +1 vampiric dagger (weapon)
Armour
 b - a +0 robe (worn)
 e - a +0 helmet
Scrolls
 h - a scroll of immolation {unknown}
 i - a scroll of enchant armour {unknown}
 j - a scroll of butterflies {unknown}
 k - a scroll of vulnerability {unknown}
Potions
 a - a potion of heal wounds {unknown}
 c - 2 potions of invisibility
 f - a potion of magic {unknown}
 g - a potion of brilliance {unknown}

Dungeon Overview and Level Annotations

Branches:
Dungeon (2/15)

Altars:


Message History

The adder is heavily wounded.
The giant cockroach bites you. The adder bites you.
You closely miss the adder.
The adder is heavily wounded.
The giant cockroach bites you but does no damage.
The adder misses you.
The giant cockroach bites you but does no damage.
The adder closely misses you.
You barely miss the adder.
The adder is heavily wounded.
The adder bites you but does no damage.
The giant cockroach bites you but does no damage.
You closely miss the adder.
The adder is heavily wounded.
The adder closely misses you.
The giant cockroach bites you but does no damage.
You hit the adder.
You feel better.
The adder is heavily wounded.
The adder bites you.
The giant cockroach waves its antennae.
The giant cockroach bites you.
You miss the adder.
The adder is heavily wounded.
The adder completely misses you. The giant cockroach closely misses you.
The adder bites you.
You closely miss the adder.
The adder is heavily wounded.
The giant cockroach bites you. The adder bites you but does no damage.
The giant cockroach closely misses you.
You closely miss the adder.
The adder is heavily wounded.
The adder barely misses you. The giant cockroach closely misses you.
You hit the adder.
You feel better.
The adder is severely wounded.
The adder misses you. The giant cockroach closely misses you.
The adder bites you.
You closely miss the adder.
The adder is severely wounded.
The giant cockroach barely misses you. The adder bites you.
You die...

### #.# #.# ##### #.# ...#
#.##
#######.#######....#####...
.........B@S...............
######'################.##
#.......# ####.## #.......#
###....##
#.......########%%%#####
####'##..........#.#####
#.##................#
#.##.........######.#
#.##.........# #


You could see an adder and a giant cockroach.

Vanquished Creatures
  An adder (D:2)
  2 dart slugs
  2 ball pythons (D:2)
  4 bats
  4 endoplasms (D:1)
  A hobgoblin (D:1)
  3 kobolds (D:1)
  A frilled lizard (D:1)
  4 goblins (D:1)
22 creatures vanquished.

Notes
Turn   | Place    | Note
-------+----------+-------------------------------------------
     0 | D:1      | qw the Ghoul Enchanter began the quest for the Orb.
     0 | D:1      | Reached XP level 1. HP: 14/14 MP: 2/2
     0 | D:1      | 0 ||| qw: Version: 0.1-a-112-g44dc6cd
     0 | D:1      | 0 ||| qw: Game counter: 6664
     0 | D:1      | 0 ||| qw: Always use a shield: true
     0 | D:1      | 0 ||| qw: God list: Okawaru
     0 | D:1      | 0 ||| qw: Allow faded altars: false
     0 | D:1      | 0 ||| qw: Do Orc after D:15 true
     0 | D:1      | 0 ||| qw: Do second Lair branch before Depths: true
     0 | D:1      | 0 ||| qw: Lair rune preference: random
     0 | D:1      | 0 ||| qw: Plans: Normal
     0 | D:1      | 0 ||| PLANNING D:1-11
    63 | D:1      | 63 ||| SWAPPING to +1 vampiric dagger.
    64 | D:1      | 64 ||| DROPPING +1 dagger.
    99 | D:1      | Reached skill level 1 in Axes
   107 | D:1      | Reached XP level 2. HP: 22/22 MP: 3/3
   157 | D:1      | Reached skill level 1 in Fighting
   440 | D:1      | Found a faded altar of an unknown god.
   581 | D:1      | You fall into a shaft and drop 1 floor!
   714 | D:2      | Reached XP level 3. HP: 21/28 MP: 4/4
   967 | D:2      | HP: 7/29 [giant cockroach (1)]
   972 | D:2      | HP: 3/29 [adder (2)]
   976 | D:2      | Slain by an adder

Levels and vault maps discovered:
D:1:      dpeg_chamrin_arrival_tetris, layout_basic, serial_shops,
          nicolae_shop_behind_doors, hellmonk_ecumenical_altar_zigzags
D:2:      layout_basic, minmay_split_cup_large

Skill      XL: |  1  2 |
---------------+-------+-----
Axes           | 1 2 |  2.0
Fighting       | 1 |  1.8
Short Blades   | |  0.8
Dodging        | |  1.7
Stealth        | |  3.2
Spellcasting   | |  1.7
Hexes          | |  2.4

Action                   || total
-------------------------++-------
Melee: Dagger            ||   145
       Punch             ||     3
Armor: Robe              ||    25
Dodge: Dodged            ||   105

Table legend:
 A = Non-vault XP
 B = Vault XP
 C = Vault XP percentage of total XP
 D = Non-vault monster count
 E = Vault monster count
 F = Vault count percentage of total count
                 A         B        C        D         E       F
            +---------+---------+-------+---------+---------+-------
      Total |      52 |       0 |   0.0 |      22 |       0 |   0.0
            +---------+---------+-------+---------+---------+-------
        D:1 |      31 |       0 |   0.0 |      17 |       0 |   0.0
        D:2 |      21 |       0 |   0.0 |       5 |       0 |   0.0
            +---------+---------+-------+---------+---------+-------
